 Dungeon Crawl Stone Soup version 0.17-a0-1946-gfb768fe (webtiles) character file.

469 shakdrar the Cudgeler (level 7, -4/44 HPs)
             Began as a Gargoyle Berserker on Oct 1, 2015.
             Was a Priest of Trog.
             Slain by a mummy (13 damage)
             ... in an ossuary.
             The game lasted 00:09:45 (2930 turns).

shakdrar the Cudgeler (Gargoyle Berserker)          Turns: 2930, Time: 00:09:45

Health: -4/44      AC: 14    Str: 22    XL:     7   Next: 9%
Magic:  7/7        EV:  8    Int:  8    God:    Trog [***...]
Gold:   137        SH:  0    Dex:  9    Spells: 0 memorised, 6 levels left

rFire  . . .     SeeInvis .     a - +0 mace
rCold  . . .     Clarity  .     v - +0 chain mail
rNeg   + . .     SustAt   .     (no shield)
rPois  ∞         Gourm    .     (no helmet)
rElec  +         Spirit   .     (no cloak)
rCorr  .         Warding  .     (no gloves)
rMut   .         Stasis   .     (no boots)
MR     .....                    (no amulet)
Stlth  ..........               (no ring)
                                (no ring)

@: not resistant to hostile enchantments, extremely unstealthy
A: negative energy resistance 1, electricity resistance, unbreathing,
petrification resistance, rot immunity, AC +4
a: Burn Spellbooks, Berserk, Trog's Hand, Renounce Religion


You were in an ossuary.
You worshipped Trog.
Trog was most pleased with you.
You were not hungry.

You visited 1 branch of the dungeon, and saw 4 of its levels.
You also visited: Ossuary.

You collected 137 gold pieces.

Inventory:

Hand weapons
 a - a +0 mace (weapon)
 r - a +0 blowgun
Missiles
 m - 5 javelins of returning (quivered)
 s - 36 poisoned needles
Armour
 b - a +0 animal skin
 v - a +0 chain mail (worn)
Jewellery
 w - the amulet "Lumudor" {Stasis Dex+8, unknown}
   (You found it on level 4 of the Dungeon)

   [amulet of stasis]

   It prevents you from being teleported, slowed, hasted or paralysed.
   It affects your dexterity (+8).
Scrolls
 f - a scroll of identify {unknown}
 g - 3 scrolls of remove curse {unknown}
 i - a scroll of fear {unknown}
 j - a scroll of random uselessness {unknown}
 k - a scroll of amnesia {unknown}
 o - 2 scrolls of magic mapping {unknown}
 p - a scroll of noise {unknown}
 u - a scroll of enchant armour {unknown}
 y - 2 scrolls of teleportation {unknown}
Potions
 d - 2 potions of degeneration {unknown}
 e - a potion of agility
 h - a potion of haste {unknown}
 l - 4 potions of poison {unknown}
 n - a potion of brilliance {unknown}
 q - a potion of curing {unknown}
 t - 2 potions of beneficial mutation {unknown}
Comestibles
 c - 4 bread rations
 x - 3 fruits


   Skills:
 + Level 4.9 Fighting
 * Level 5.4 Maces & Flails
 + Level 4.1 Armour
 + Level 2.8 Dodging


You had 6 spell levels left.
You didn't know any spells.

Dungeon Overview and Level Annotations

Branches:
Dungeon (4/15)
 Temple: D:4-7

Altars:
Qazlal

Annotations:
D:2 Sigmund


Innate Abilities, Weirdness & Mutations

You are resistant to torment.
Your stone body is resilient (AC +4).
You are immune to poison.
You resist negative energy.
You are resistant to electric shocks.
You can survive without breathing.
You are immune to petrification.
You are immune to rotting.


Message History

The mummy hits you!
You hit the mummy but do no damage.
The mummy is lightly damaged.
You hit the mummy but do no damage.
The mummy is lightly damaged.
The mummy hits you!
* * * LOW HITPOINT WARNING * * *
You thump the mummy!
The mummy is heavily damaged.
The mummy barely misses you.
You hit the mummy.
The mummy is severely damaged.
You barely miss the mummy.
The mummy is severely damaged.
The mummy hits you.
* * * LOW HITPOINT WARNING * * *
You hit the mummy but do no damage.
The mummy is severely damaged.
The mummy hits you!
You die...

#......########......#
#....................#
#....................#
#......########......#
#...####...#..####...#
#..##......#...'.##..#
#..'..####.#####.∩#..#
#..##.#!.#.......##..#
#...####!M@...####...#
#......########......#
#....................#
#........∩..∩........#
######################


You could see a mummy.

Vanquished Creatures
  An ogre (D:3)
  An elf zombie (Ossuary)
  2 human zombies (Ossuary)
  An orc wizard (D:4)
  An orc priest (D:3)
  Jessica (D:2)
  A worker ant (D:4)
  A mummy (Ossuary)
  An adder (D:3)
  An adder zombie (Ossuary)
  4 oozes
  6 worms
  9 orcs
  3 bats
  4 giant cockroaches
  6 goblins
  11 hobgoblins
  4 jackals (D:3)
  3 quokkas (D:3)
  2 giant geckos (D:3)
  3 goblin zombies (Ossuary)
  2 hobgoblin zombies (Ossuary)
  4 jackal zombies (Ossuary)
  8 kobolds
  A kobold zombie (Ossuary)
  An orc zombie (Ossuary)
  5 quokka zombies (Ossuary)
  5 rats
92 creatures vanquished.

Notes
Turn   | Place    | Note
--------------------------------------------------------------
     0 | D:1      | shakdrar the Gargoyle Berserker began the quest for the Orb.
     0 | D:1      | Reached XP level 1. HP: 14/14 MP: 1/1
    91 | D:1      | Reached XP level 2. HP: 17/19 MP: 2/2
   421 | D:1      | Reached XP level 3. HP: 23/23 MP: 3/3
   644 | D:2      | Acquired Trog's second power
   875 | D:2      | Noticed Jessica
   882 | D:2      | Killed Jessica
   882 | D:2      | Reached XP level 4. HP: 27/29 MP: 4/4
  1041 | D:2      | Noticed Sigmund
  1334 | D:3      | Reached skill level 4 in Maces & Flails
  1801 | D:3      | Reached XP level 5. HP: 30/33 MP: 5/5
  2142 | D:3      | Noticed an ogre
  2151 | D:3      | Killed an ogre
  2151 | D:3      | Reached XP level 6. HP: 38/39 MP: 6/6
  2417 | D:4      | Found a stormy altar of Qazlal.
  2443 | D:4      | Got a scorched steel amulet
  2519 | D:4      | Reached skill level 5 in Maces & Flails
  2535 | D:4      | Found a sand-covered staircase.
  2540 | Ossuary  | Entered an ossuary
  2737 | Ossuary  | Reached XP level 7. HP: 29/44 MP: 7/7
  2930 | Ossuary  | Slain by a mummy

Vault maps used:
D:1:      nicolae_arrival_washed_ashore
D:2:      nicolae_tso_swordbearing_angel, uniq_sigmund, uniq_jessica
D:4:      minmay_goblin_kobold_castle, enter_ossuary_2,
          nicolae_qazlal_eye_of_the_storm, uniq_eustachio
Ossuary:  minmay_ossuary_two_tombs

Action                   |  1- 3 |  4- 6 |  7- 9 || total
-------------------------+-------+-------+-------++-------
Melee: Mace              |    77 |   308 |    17 ||   402
Invok: Berserk           |       |     1 |       ||     1
 Stab: Sleeping          |     2 |       |       ||     2
  Eat: Chunk             |       |     4 |       ||     4
       Meat ration       |       |     1 |       ||     1
